Map: World of Sleepers LE

Players

Dassjon

  • Race: Protoss Protoss
  • Spawn Location: 7:00

ViBE - Winner!

  • Race: Protoss Protoss
  • League: Diamond
  • Spawn Location: 1:00

VOD

Have the link to the VOD?

Description

Time

  • Played on: Dec. 13, 2019, 9:29 p.m.
  • Length: 5:57
Show
View Real Time Build Order
Export as new Build Order

Dassjon Protoss 

Build Orders: Proxy Void Ray 

Get SALT Encoding   

  12  0:01  Probe  
  13  0:13  Probe  
  14  0:17  Pylon  
  14  0:25  Probe  
  15  0:38  Gateway  
  15  0:39  Probe  
  16  0:43  Assimilator  
  16  0:52  Probe  
  17  1:04  Probe  
  17  1:06  Assimilator  
  18  1:16  Probe  
  19  1:26  Cybernetics Core  
  19  1:28  Probe  
  20  1:37  Pylon  
  20  1:40  Probe  
  21  1:52  Probe  
  22  2:04  Stargate  
  22  2:05  Probe, Adept (Chrono Boost)  
  25  2:16  Pylon  
  25  2:41  Pylon  
  25  2:52  Pylon, Void Ray (Chrono Boost)  
  29  3:05  Adept  
  29  3:08  Shield Battery  
  31  3:15  Shield Battery  
  31  3:16  Shield Battery  
  31  3:18  Shield Battery  
  31  3:25  Void Ray (Chrono Boost)  
  33  3:57  Void Ray (Chrono Boost)  
  36  4:05  Probe  
  37  4:30  Void Ray (Chrono Boost)  
  37  5:06  Void Ray (Chrono Boost)  
Show
View Real Time Build Order
Export as new Build Order

ViBE Protoss - Winner!

Build Orders:  

Get SALT Encoding   

  12  0:00  Probe  
  13  0:13  Probe  
  14  0:18  Pylon  
  14  0:25  Probe  
  15  0:37  Probe  
  15  0:38  Gateway  
  16  0:49  Probe  
  17  0:55  Assimilator  
  17  1:01  Probe  
  18  1:13  Probe (Chrono Boost)  
  19  1:22  Assimilator  
  19  1:23  Probe (Chrono Boost)  
  20  1:28  Probe (Chrono Boost)  
  20  1:30  Cybernetics Core  
  21  1:37  Pylon  
  21  1:39  Probe  
  22  1:51  Probe  
  23  2:04  Probe  
  24  2:08  Stalker  
  24  2:13  Nexus  
  26  2:17  Probe  
  26  2:18  Warp Gate  
  27  2:29  Probe  
  28  2:36  Pylon  
  28  2:38  Gateway  
  28  2:42  Probe  
  29  2:54  Probe  
  30  3:06  Probe, Sentry  
  33  3:18  Probe, Pylon  
  34  3:26  Stalker  
  36  3:30  Probe (Chrono Boost)  
  36  3:31  Robotics Facility  
  37  3:35  Probe (Chrono Boost)  
  38  3:43  Probe (Chrono Boost)  
  38  3:46  Probe (Chrono Boost)  
  38  3:50  Probe (Chrono Boost)  
  38  3:52  Probe (Chrono Boost)  
  39  3:56  Probe  
  39  4:01  Probe  
  41  4:06  Pylon  
  41  4:09  Probe, Stalker x2  
  46  4:13  Probe  
  46  4:19  Shield Battery  
  46  4:21  Probe, Shield Battery  
  46  4:23  Shield Battery  
  46  4:25  Probe  
  45  4:32  Gateway  
  45  4:33  Probe, Stalker  
  45  4:34  Gateway  
  45  4:37  Probe  
  49  4:41  Stalker  
  51  4:51  Probe x2  
  51  5:00  Shield Battery  
  51  5:01  Stalker x2  
  51  5:03  Probe x2  
  51  5:05  Assimilator x2  
  57  5:10  Shield Battery  
  57  5:12  Shield Battery  
  57  5:15  Probe x2  
  58  5:25  Stalker x2  
  62  5:39  Pylon  
  62  5:49  Pylon  
Tags
 
Add a new tag
Caveats
  • Supply blocks, unpowered buildings, or Contaminate may cause inaccurate times.
  • Supply counts are checked every 10 seconds.